 Dungeon Crawl Stone Soup version 0.15-a0-995-gc8af7eb (console) character file.

314 Goldman the Basher (level 6, -4/59 HPs)
             Began as an Ogre Hunter on May 24, 2014.
             Was an Initiate of Trog.
             Slain by Goldman's ghost (11 damage)
             ... on Level 6 of the Dungeon.
             The game lasted 00:05:02 (976 turns).

Goldman the Basher (Ogre Hunter)                     Turns: 976, Time: 00:05:02

HP  -4/59        AC  3     Str 18      XL: 6   Next: 43%
MP   6/6         EV 10     Int 10      God: Trog [......]
Gold 55          SH  0     Dex 12      Spells:  0 memorised,  5 levels left

rFire  . . .     SeeInvis .     m - +0 flail
rCold  . . .     Clarity  .     b - +0 robe
rNeg   . . .     Conserve .     (shield restricted)
rPois  .         rCorr    .     (helmet restricted)
rElec  .         rRot     .     (no cloak)
SustAb .         Spirit   .     (gloves unavailable)
rMut   .         Warding  .     (boots unavailable)
Gourm  .         Stasis   .     (no amulet)
MR     .....                    (no ring)
                                (no ring)

@: not resistant to hostile enchantments, very unstealthy
A: unfitting armour, tough skin 1
a: Burn Spellbooks, Renounce Religion


You were on level 6 of the Dungeon.
You worshipped Trog.
Trog was noncommittal.
You were not hungry.

You visited 2 branches of the dungeon, and saw 7 of its levels.

You collected 55 gold pieces.

Inventory:

Hand weapons
 j - a +0,+0 whip
 m - a +0,+0 flail (weapon)
Missiles
 c - a throwing net
 g - 5 needles of paralysis
 s - a large rock (quivered)
Armour
 b - a +0 robe (worn)
 t - a +0 robe
Magical devices
 p - a wand of confusion (16) {unknown}
Comestibles
 f - a meat ration
Scrolls
 a - 3 scrolls of remove curse {unknown}
 d - a scroll of identify {unknown}
 h - a scroll of random uselessness {unknown}
 k - 3 scrolls of enchant weapon II {unknown}
 l - a scroll of enchant armour {unknown}
 n - a scroll of fear {unknown}
 r - a scroll of teleportation {unknown}
Potions
 e - a potion of curing
 i - a potion of heal wounds {unknown}
 o - a potion of cure mutation {unknown}


   Skills:
 - Level 2.6 Fighting
 + Level 8.3 Maces & Flails
 - Level 4.3 Throwing
 - Level 1.7 Dodging
 - Level 0.7 Stealth


You had 5 spell levels left.
You didn't know any spells.

Dungeon Overview and Level Annotations

Branches:
Dungeon (6/15)             Temple (1/1) D:4

Altars:
Ashenzari
Elyvilon
Fedhas
Gozag
Makhleb
Okawaru
Sif Muna
Trog
Vehumet
Xom
Yredelemnul
Zin
The Shining One

Annotations:
D:6 Goldman's ghost, experienced OgGl


Innate Abilities, Weirdness & Mutations

You are too large for most types of armour.
You have tough skin (AC +1).


Message History

Press: ? - help, Shift-Dir - straight line, f/p - Goldman's ghost
Aim: Goldman's ghost You throw a large rock.
The large rock hits Goldman's ghost but does no damage.
Goldman's ghost hits you!
An orc comes into view. It is wielding a falchion.
Throwing (i - inventory. (,) - cycle):
s - 3 large rocks (quivered)
Press: ? - help, Shift-Dir - straight line, f/p - Goldman's ghost
Aim: Goldman's ghost You throw a large rock.
The large rock hits Goldman's ghost!!
Goldman's ghost is heavily damaged.
Goldman's ghost hits you!!
* * * LOW HITPOINT WARNING * * *
Throwing (i - inventory. (,) - cycle):
s - 2 large rocks (quivered)
Press: ? - help, Shift-Dir - straight line, f/p - Goldman's ghost
Aim: Goldman's ghost (heavily damaged)
You throw a large rock. The large rock hits Goldman's ghost!
Goldman's ghost is severely damaged.
Goldman's ghost hits you!
You die...

. #. .# #. .#.
###.###.... .
.......o...
..# #...#..#.#
....#..<.....#
+............#
#..@W.(#
#..##### ##.
#. #w #c #. #.
.


You could see a worm, a centaur, Goldman's ghost and an orc.

Vanquished Creatures
  2 hounds (D:4)
  A crimson imp (D:5)
  3 orc priests
  3 orc wizards (D:5)
  An adder (D:2)
  6 orcs
  4 goblins
  3 hobgoblins
  2 jackals (D:2)
  A kobold (D:2)
  A quokka (D:2)
  4 bats
  A goblin zombie (D:5)
  2 rats
34 creatures vanquished.

Notes
Turn   | Place    | Note
--------------------------------------------------------------
     0 | D:1      | Goldman, the Ogre Hunter, began the quest for the Orb.
     0 | D:1      | Reached XP level 1. HP: 22/22 MP: 1/1
    51 | D:2      | Reached XP level 2. HP: 26/29 MP: 2/2
   300 | D:4      | Reached XP level 3. HP: 36/36 MP: 3/3
   367 | D:4      | Reached skill level 5 in Maces & Flails
   367 | D:4      | Reached XP level 4. HP: 8/44 MP: 4/4
   419 | D:4      | Reached skill level 6 in Maces & Flails
   419 | D:4      | Reached XP level 5. HP: 17/50 MP: 5/5
   462 | D:4      | Found a staircase to the Ecumenical Temple.
   467 | Temple   | Entered the Ecumenical Temple
   554 | Temple   | Became a worshipper of Trog the Wrathful
   599 | D:5      | Entered Level 5 of the Dungeon
   609 | D:5      | Reached skill level 7 in Maces & Flails
   715 | D:5      | Found a glowing silver altar of Zin.
   774 | D:5      | Reached XP level 6. HP: 20/59 MP: 6/6
   787 | D:5      | Reached skill level 8 in Maces & Flails
   972 | D:6      | Noticed Goldman's ghost (experienced OgGl)
   976 | D:6      | Slain by Goldman's ghost

Action                   |  1- 3 |  4- 6 || total
-------------------------+-------+-------++-------
Melee: Club              |    24 |       ||    24
       Whip              |    12 |       ||    12
       Flail             |    16 |    49 ||    65
Throw: Large rock        |     2 |    26 ||    28
       Throwing net      |     2 |     3 ||     5
  Use: Potion            |       |     2 ||     2
 Stab: Held in net/web   |     1 |       ||     1
